AoeStats
← Mr.Wölker

Arabia

507964433Analyzed
2v2 RM · 13d ago on Sep 20, 2026· 45m 46s· 4 players
Game mode
Random Map
Map size
Medium (4 player)
Population
200
Speed
Normal
Resources
Standard
Victory
Conquest
Starting age
Dark Age
Ending age
Imperial Age
RankedLock teamsTeams togetherTeam positionsShared explorationLock speedFull tech treeHidden civsTurbo modeCheats
Victory
Defeat
🇦🇷 Vikings · Argentina
1147
+16
🇦🇷 Bulgarians · Argentina
1138
+17
🇸🇪 Vikings · Sweden
1257
-21
🇸🇪 Spanish · Sweden
1053
-12
L3RM | Relo7
7:30 Loom
9:54 Feudal Age
10:31 Double-Bit Axe
12:21 Fletching
15:20 Padded Archer Armor
22:15 Castle Age
22:20 Crossbowman
22:57 Bodkin Arrow
24:04 Leather Archer Armor
24:37 Ballistics
26:42 Horse Collar
27:22 Elite Skirmisher
29:30 Bow Saw
31:26 Stone Mining
31:56 Town Watch
38:03 Imperial Age
36:01 Gold Mining
38:50 Bracer
39:10 Arbalester
43:17 Chemistry
43:09 Conscription
L3RM | El_barto018
7:53 Loom
11:03 Feudal Age
11:58 Double-Bit Axe
22:47 Castle Age
21:38 Bloodlines
21:36 Scale Barding Armor
21:18 Horse Collar
22:12 Forging
22:22 Gold Mining
24:50 Bow Saw
29:30 Fletching
30:01 Chain Barding Armor
32:59 Padded Archer Armor
34:01 Iron Casting
35:44 Wheelbarrow
36:00 Bodkin Arrow
36:08 Husbandry
38:32 Gold Shaft Mining
39:35 Stirrups
40:20 Stone Mining
41:05 Heavy Plow
43:38 Imperial Age
40:55 Town Watch
43:43 Elite Konnik
43:45 Cavalier
45:31 Stone Shaft Mining
46:01 Plate Barding Armor
46:00 Scale Mail Armor
47:01 Blast Furnace
Nämen Oj
7:39 Loom
9:57 Feudal Age
11:06 Double-Bit Axe
13:27 Fletching
17:40 Horse Collar
24:36 Castle Age
23:11 Gold Mining
24:40 Crossbowman
25:30 Bodkin Arrow
30:02 Bow Saw
31:41 Gold Shaft Mining
35:05 Scale Mail Armor
35:15 Forging
36:36 Chain Mail Armor
39:53 Padded Archer Armor
40:04 Forging
43:36 Imperial Age
43:18 Leather Archer Armor
44:20 Bracer
Mr.Wölker
6:41 Loom
9:29 Feudal Age
11:53 Double-Bit Axe
14:11 Horse Collar
19:25 Scale Barding Armor
19:30 Forging
23:45 Castle Age
24:12 Gold Mining
24:30 Husbandry
24:40 Bloodlines
27:44 Chain Barding Armor
27:59 Iron Casting
36:21 Bow Saw
38:11 Fletching
39:43 Bodkin Arrow
42:08 Wheelbarrow
41:03 Pikeman
48:01 Imperial Age
Connection lost

Rejoining the realm…

Still unreachable

The connection could not be restored.

Session expired

The server has moved on; the page needs a fresh start.